cohdb
Replays
Latest Replays
All Replays
Popular Replays
Top Player Replays
Match Explorer
How It Works
Community
CoH3 Stats
Reddit
Sign in to upload your games and track your stats! →
Sign in with Steam
Match 40999513
Unlisted
Match 40999513
Overview
Messages
Build Orders
End
Royal Engineer Section
Construct Section Command Post
Infantry Section
Infantry Section
Infantry Section
Selects Canadian Shock Battlegroup
Selects Attacking Spirit
Construct Field Infirmary
Selects Incendiary Munitions
Selects Canadian Shock Section
Construct Platoon Command Post
Infantry Section
Grenade Package
FeriG
Reakly
0
0
Comments
sign in to comment!
No comments posted yet!